 Dungeon Crawl Stone Soup version 0.20-a0-9-g62d82d9 (webtiles) character file.

120 Ginkk the Skirmisher (level 4, 0/37 HPs)
             Began as a Demonspawn Abyssal Knight on Oct 1, 2016.
             Was a Follower of Lugonu.
             Slain by a hound (3 damage)
             ... on level 6 of the Dungeon on Nov 1, 2016.
             The game lasted 00:13:59 (2698 turns).

Ginkk the Skirmisher (Demonspawn Abyssal Knight)    Turns: 2698, Time: 00:13:59

Health: 0/37       AC:  3    Str: 13    XL:     4   Next: 75%
Magic:  5/5        EV: 11    Int: 14    God:    Lugonu [*.....]
Gold:   102        SH:  0    Dex: 12    Spells: 0 memorised, 3 levels left

rFire  . . .     SeeInvis .     e - +0 mace (curse)
rCold  . . .     Gourm    .     b - +0 leather armour
rNeg   . . .     Faith    .     (no shield)
rPois  .         Spirit   .     (no helmet)
rElec  .         Reflect  .     (no cloak)
rCorr  .         Harm     .     (no gloves)
MR     .....     Rnd*Tele +     (no boots)
Stlth  +.........               (no amulet)
                                (no ring)
                                k - ring of teleportation (curse)

@: no status effects
A: claws 2
a: Depart the Abyss, Renounce Religion


You were on level 6 of the Dungeon.
You worshipped Lugonu.
Lugonu was aware of your devotion.
You were not hungry.

You visited 1 branch of the dungeon, and saw 6 of its levels.
You visited the Abyss 1 time.

You collected 102 gold pieces.

Inventory:

Hand Weapons
 a - a +1 falchion
 e - a cursed +0 mace (weapon)
 l - a +0 rapier
 m - a +0 hunting sling
Missiles
 d - 5 needles of confusion
 f - 14 poisoned needles
 g - 41 arrows
 h - 60 sling bullets
 i - 25 stones (quivered)
Armour
 b - a +0 leather armour (worn)
Jewellery
 k - a cursed ring of teleportation (left claw)
Scrolls
 j - a scroll of identify
 n - a scroll of amnesia
 p - a scroll of magic mapping
Comestibles
 c - 2 bread rations
 o - a chunk of flesh


   Skills:
 + Level 4.0 Fighting
 + Level 2.9 Long Blades
 + Level 1.1 Maces & Flails
 + Level 2.2 Armour
 + Level 1.1 Dodging
 + Level 0.4 Stealth
 + Level 2.6 Invocations


You had 3 spell levels left.
You didn't know any spells.

Dungeon Overview and Level Annotations

Branches:
Dungeon (6/15)
 Temple: D:4-7

Altars:


Innate Abilities, Weirdness & Mutations

You have very sharp fingernails.


Message History

Found a stone staircase leading down.
The hound barely misses you. The hound closely misses you.
Found 2 scrolls labeled VIXUCH VIETT.
The hound barely misses you.
Found a stone staircase leading down.
The hound pauses to sniff the ground.
There is a stone staircase leading down here.
The hound barely misses you. The hound bites you but does no damage.
You climb downwards.
A leopard gecko, an adder, a jelly, 2 orcs, a crimson imp and a phantom come into view.
The orc priest shouts!
The crimson imp shouts!
The leopard gecko hisses angrily.
The adder hisses angrily.
The jelly quivers.
Found 25 arrows.
Found two stone staircases leading down.
There is a stone staircase leading up here.
The orc wizard shouts!
The hound bites you.
You die...

## >
#########.#
.l.....#.## #
#5.......#.#
####........W.#
S..>......J.#
#...@.# ###h###
#. #. #. #o #o
#.


You could see a phantom, a hound, a jelly, an orc priest, an orc wizard, a
crimson imp, an adder and a leopard gecko.

Vanquished Creatures
  A bullfrog skeleton (D:4)
  An orc priest (D:3)
  2 adders
  A worm (D:2)
  2 leopard geckos
  2 orcs (D:5)
  A ball python (D:3)
  2 giant cockroaches
  4 goblins (D:1)
  4 hobgoblins
  3 jackals (D:1)
  2 bats (D:2)
  A frilled lizard (D:2)
  6 kobolds
  5 rats
37 creatures vanquished.

Notes
Turn   | Place    | Note
-------+----------+-------------------------------------------
     0 | Abyss:1  | Ginkk the Demonspawn Abyssal Knight began the quest for the Orb.
     0 | Abyss:1  | Reached XP level 1. HP: 18/18 MP: 2/2
    37 | Abyss:2  | Found a corrupted altar of Lugonu.
    86 | Abyss:2  | Noticed a small abomination
    92 | D:1      | Escaped the Abyss
   522 | D:2      | Gained mutation: You have sharp fingernails. [demonic ancestry]
   522 | D:2      | Reached XP level 2. HP: 22/24 MP: 3/3
   546 | D:2      | Upgraded the game from 0.19-a0-1738-gbb2db12 to 0.19-a0-1790-g026f1ef
   546 | D:2      | Upgraded the game from 0.19-a0-1790-g026f1ef to 0.20-a0-9-g62d82d9
   648 | D:2      | Reached * piety under Lugonu
   780 | D:2      | Reached skill level 1 in Dodging
   835 | D:2      | HP: 1/24 [adder (2)]
  1209 | D:1      | Gained mutation: You have very sharp fingernails. [demonic ancestry]
  1209 | D:1      | Reached XP level 3. HP: 26/29 MP: 4/4
  1748 | D:1      | Reached XP level 4. HP: 29/37 MP: 5/5
  2180 | D:4      | Reached skill level 4 in Fighting
  2368 | D:4      | Reached skill level 1 in Maces & Flails
  2536 | D:5      | Entered Level 5 of the Dungeon
  2697 | D:6      | Noticed a phantom
  2698 | D:6      | Slain by a hound

Vault maps used:
D:1:      minmay_arrival_radiant_lines
D:2:      uniq_natasha
D:3:      nicolae_overflow_crystal_walls, old_standard_altar,
          makhleb_blood_cavern_becter
D:4:      portal_sewer_entry_c, first_bread
D:5:      old_standard_altar, dk_noncrumbling_3, amethyst_killhole
D:6:      old_standard_altar, lemuel_crystal_altar

Skill      XL: |  1  2  3  4 |
---------------+-------------+-----
Long Blades    | 2 |  2.9
Armour         | 2 |  2.2
Dodging        | 1 |  1.1
Fighting       | 4 |  4.0
Maces & Flails | 1 |  1.1
Stealth        | |  0.4
Invocations    | |  2.6

Action                   |  1- 3 |  4- 6 || total
-------------------------+-------+-------++-------
Melee: Falchion          |    85 |       ||    85
       Mace              |     5 |    57 ||    62
Throw: Stone             |     3 |       ||     3
Invok: Depart the Abyss  |     1 |       ||     1
  Use: Scroll            |     9 |     2 ||    11
       Potion            |     2 |       ||     2
  Eat: Chunk             |     2 |       ||     2
       Bread ration      |     1 |       ||     1
Armor: Leather armour    |    22 |    16 ||    38
Dodge: Dodged            |    49 |    50 ||    99
       Rpst.: Falchion   |    11 |       ||    11
